 Dungeon Crawl Stone Soup version 0.30-a0-643-g638baaf3f0 (webtiles) character file.

Game seed: 10195926147195517271

14 Fenrisus the Slasher (level 2, -3/26 HPs)
             Began as a Gnoll Reaver on Jan 16, 2023.
             Slain by a kobold
             ... wielding a +0 whip
              (5 damage)
             ... on level 1 of the Dungeon.
             The game lasted 00:01:15 (113 turns).

Fenrisus the Slasher (Gnoll Reaver)                  Turns: 113, Time: 00:01:16

Health: -3/26      AC:  3    Str: 11    XL:     2   Next: 41%
Magic:  7/7        EV: 12    Int: 12    God:
Gold:   6          SH:  0    Dex: 10    Spells: 9/10 levels left

rFire   . . .      SeeInvis .    a - +0 falchion
rCold   . . .      Faith    .    (no shield)
rNeg    . . .      Spirit   .    b - +0 leather armour
rPois   .          Reflect  .    (no helmet)
rElec   .          Harm     .    (no cloak)
rCorr   .          Rampage  .    (no gloves)
Will    .....                    (no boots)
Stlth   +                        (no amulet)
HPRegen 0.24/turn                (no ring)
MPRegen 0.10/turn                (no ring)

@: no status effects
A: fangs 1, strong nose, distributed training
a: no special abilities


You were on level 1 of the Dungeon.
You visited 1 branch of the dungeon, and saw 1 of its levels.

You collected 6 gold pieces.

Inventory:

Hand Weapons
 a - a +0 falchion (weapon)
Armour
 b - a +0 leather armour (worn)


   Skills:
 + Level 4.5 Fighting
 + Level 0.4 Short Blades
 + Level 6.5 Long Blades
 + Level 0.4 Axes
 + Level 0.4 Maces & Flails
 + Level 0.4 Polearms
 + Level 0.4 Staves
 + Level 0.4 Ranged Weapons
 + Level 0.4 Throwing
 + Level 0.4 Armour
 + Level 4.5 Dodging
 + Level 0.4 Stealth
 + Level 0.4 Shields
 + Level 0.4 Unarmed Combat
 + Level 4.9 Spellcasting
 + Level 5.3 Conjurations
 + Level 0.2 Hexes
 + Level 0.2 Summonings
 + Level 0.2 Necromancy
 + Level 0.2 Translocations
 + Level 0.2 Transmutations
 + Level 0.2 Fire Magic
 + Level 0.2 Ice Magic
 + Level 0.2 Air Magic
 + Level 0.2 Earth Magic
 + Level 0.2 Poison Magic
 + Level 0.5 Invocations
 + Level 0.4 Evocations


You had 9 spell levels left.
You knew the following spells:

 Your Spells              Type           Power      Damage    Failure   Level
a - Kiss of Death         Conj/Necr      36%        2d8       9%          1

Your spell library contained the following spells:

 Spells                   Type           Power      Damage    Failure   Level
 Momentum Strike          Conj/Tloc      18%        3d8       13%         2
 Hailstorm                Conj/Ice       9%         3d4       26%         3


Dungeon Overview and Level Annotations

Branches:
Dungeon (1/15)

Altars:


Innate Abilities, Weirdness & Mutations

You have very sharp teeth.
Your uncanny sense of smell can sniff out nearby items.
Your experience applies equally to all skills.


Message History

The bat hits you but does no damage. The kobold hits you with a +0 whip.
The rat closely misses you. The giant cockroach barely misses you.
You hit the quokka.
You kill the quokka!
The bat barely misses you. The giant cockroach barely misses you.
The kobold hits you with a +0 whip. The rat closely misses you.
The bat hits you.
* * * LOW HITPOINT WARNING * * *
You barely miss the rat. The bat hits you.
* * * LOW HITPOINT WARNING * * *
The giant cockroach bites you but does no damage.
The rat bites you but does no damage. The kobold hits you but does no damage.
The rat barely misses you.
You hit the rat.
The rat is severely wounded.
The bat closely misses you. The giant cockroach closely misses you.
The rat barely misses you. The kobold barely misses you.
The rat bites you but does no damage. The giant cockroach bites you.
* * * LOW HITPOINT WARNING * * *
You barely miss the rat. Your bite misses the rat.
The rat is severely wounded.
The bat hits you.
* * * LOW HITPOINT WARNING * * *
The rat closely misses you. The kobold closely misses you.
The rat bites you but does no damage. The giant cockroach barely misses you.
You barely miss the rat. You bite the rat, but do no damage.
The rat is severely wounded.
The bat hits you but does no damage. The rat completely misses you.
The kobold barely misses you. The rat bites you.
* * * LOW HITPOINT WARNING * * *
The giant cockroach barely misses you.
You barely miss the rat.
The rat is severely wounded.
The giant cockroach bites you but does no damage.
The rat misses you. The kobold barely misses you. The rat closely misses you.
You completely miss the rat.
The rat is severely wounded.
The bat hits you but does no damage. The giant cockroach barely misses you.
The rat closely misses you. The kobold hits you with a +0 whip.
You die...

...#.####..####.# ...#
.#............#.#.....
...#.####..##.#.#.#...
..##.###..............
..##............#....
######.#.........#
#####.+.........#
#.....#........r# ∆
##'###.#######b.@#
.....#.# #.KBr..#
.....#.# #...#......
.#<#.#.# #.#........
.....#.. #....#.#.#.
######.# #.##.... ..
#.# #. .#.#. . .. ..


You could see a giant cockroach, a bat, a kobold and 2 rats.

Vanquished Creatures
  2 bats (D:1)
  2 goblins (D:1)
  2 hobgoblins (D:1)
  2 quokkas (D:1)
  A ball python (D:1)
  2 kobolds (D:1)
  2 rats (D:1)
13 creatures vanquished.

Notes
Turn   | Place    | Note
-------+----------+-------------------------------------------
     0 | D:1      | Fenrisus the Gnoll Reaver began the quest for the Orb.
     0 | D:1      | Reached XP level 1. HP: 20/20 MP: 6/6
    96 | D:1      | Reached XP level 2. HP: 23/24 MP: 7/7
   113 | D:1      | Slain by a kobold

Illustrated notes

Levels and vault maps discovered:
D:1:      dpeg_arrival_renting, layout_loops_cross, reono_crystal_passage,
          nicolae_eternal_life, minmay_misc_feat_encased, hex_medium,
          st_stairs_10, minmay_tetromino_l2

Action                   || total
-------------------------++-------
Melee: Falchion          ||    41
       Bite              ||     2
 Cast: Kiss of Death     ||     1
Armor: Leather armour    ||    27
Dodge: Dodged            ||    79

Table legend: (Time is in decaauts)
 A = Elapsed time spent in this place.
 B = Non-inter-level travel time spent in this place.
 C = Inter-level travel time spent in this place.
 D = Time resting spent in this place.
 E = Time spent auto-exploring this place.
 F = Levels seen in this place.
 G = Mean time per level.
                   A        B        C        D        E       F      G
               +--------+--------+--------+--------+--------+-----+--------+
         Total |    112 |     68 |     44 |      0 |      0 |   1 |  112.0 |
       Dungeon |    112 |     68 |     44 |      0 |      0 |   1 |  112.0 |
               +--------+--------+--------+--------+--------+-----+--------+

Top non-repeatable levels by time:
     D:1: 112 daAuts
